 Dungeon Crawl Stone Soup version bcrawl-1.39.1 (webtiles) character file.

Game seed: 14680385635095630917

185823 Finalfun the Ducker (level 5, -1/46 HPs)
             Began as a Minotaur Archaeologist on Sept 26, 2023.
             Killed by nerve-wracking pain
             ... invoked by an orc priest
              (10 damage)
             ... on level 3 of the Dungeon.
             The game lasted 00:04:23 (2169 turns).

Finalfun the Ducker (Minotaur Archaeologist)        Turns: 2169, Time: 00:04:24

Health: -1/46      AC: 12    Str: 17    XL:     5   Next: 60%
Magic:  4/4        EV:  6    Int: 11    God:
Gold:   115        SH:  3    Dex:  8    Spells: 4/4 levels left

rFire    + . .     GDR:     23% a - +0 whip
rCold    . . .     SeeInvis .   h - +0 buckler {rF+}
rNeg     . . .     Gourm    .   q - +0 chain mail
rPois    .         Faith    .   d - +1 hat
rElec    .         Spirit   .   (no cloak)
rCorr    .         Reflect  .   (no gloves)
MR       .....                  o - +1 pair of boots
Stlth    ..........             (no amulet)
HPRegen  0.17/turn              (no ring)
MPRegen  0.09/turn              (no ring)

@: no status effects
A: retaliatory headbutt, horns 2
a: no special abilities


You were on level 3 of the Dungeon.
You were hungry.

You visited 1 branch of the dungeon, and saw 3 of its levels.

You collected 115 gold pieces.

Inventory:

Hand Weapons
 a - a +0 whip (weapon)
 b - a +0 blowgun
 u - a +2 vampiric short sword
Missiles
 f - 6 curare-tipped needles
 t - 52 javelins (quivered)
Armour
 d - a +1 hat (worn)
 h - a +0 buckler of fire resistance (worn)
 o - a +1 pair of boots (worn)
 q - a +0 chain mail (worn)
Jewellery
 p - a cursed amulet of inaccuracy {unknown}
Scrolls
 g - a scroll of revelation
 i - a scroll of identify
 k - a scroll of enchant weapon
 l - a scroll of teleportation
 s - a scroll of enchant armour {unknown}
Potions
 n - a potion of magic {unknown}
 r - 2 potions of degeneration {unknown}
Comestibles
 c - a chunk of flesh
 e - 7 rations {!d}


   Skills:
 + Level 3.8 Fighting
 - Level 1.2 Maces & Flails
 + Level 3.4 Armour
 + Level 4.8 Dodging
 - Level 3.0 Stealth


You had 4 spell levels left.
You didn't know any spells.
Your spell library was empty.

Dungeon Overview and Level Annotations

Branches:
Dungeon (3/12)

Altars:


Innate Abilities, Weirdness & Mutations

You reflexively headbutt those who attack you in melee.
You have a pair of horns on your head.


Message History

The orc barely misses you.
You barely miss the crimson imp.
The crimson imp is severely wounded.
The orc priest mumbles some strange prayers to Beogh against you.
Beogh smites you!
* * * LOW HITPOINT WARNING * * *
The crimson imp hits you but does no damage.
The orc hits you but does no damage.
The orc priest hits you but does no damage.
You closely miss the crimson imp. You headbutt the crimson imp.
You kill the crimson imp!
You block the orc priest's attack. The orc hits you with a +0 club.
* * * LOW HITPOINT WARNING * * *
The orc priest hits you but does no damage.
Found a stone staircase leading down.
There is an escape hatch in the floor here.
The orc priest hits you but does no damage.
The orc priest invokes the aid of Beogh against you.
Pain shoots through your body!
You die...

..># #.# #..
##.# #..#..#
###.#.#######
###....S.......
....#.#o######.
.. #...oo......
#...........
#...@.......
#...<......)
#...........
#...........
#...........
#....>......
#.....?.....
#.....######


You could see an adder, 2 orc priests and an orc.

Vanquished Creatures
  An orc priest (D:3)
  A crimson imp (D:3)
  A killer bee zombie (D:3)
  4 adders
  An adder skeleton (D:2)
  3 worms (D:2)
  A dart slug (D:2)
  6 leopard geckos
  5 orcs
  3 giant cockroaches
  3 goblins (D:1)
  5 hobgoblins
  10 jackals
  2 bats (D:1)
  3 frilled lizards
  9 kobolds
  8 rats
66 creatures vanquished.

Notes
Turn   | Place    | Note
-------+----------+-------------------------------------------
     0 | D:1      | Finalfun the Minotaur Archaeologist began the quest for the
                  | Orb.
     0 | D:1      | Reached XP level 1. HP: 16/16 MP: 0/0
   287 | D:1      | Reached XP level 2. HP: 23/23 MP: 1/1
   359 | D:1      | Reached skill level 1 in Armour
   815 | D:1      | Reached XP level 3. HP: 29/29 MP: 2/2
  1212 | D:2      | Reached skill level 4 in Dodging
  1328 | D:2      | Reached XP level 4. HP: 34/37 MP: 3/3
  1963 | D:3      | Reached XP level 5. HP: 38/45 MP: 4/4
  1963 | D:3      | Identified a scroll of acquirement
  1963 | D:3      | Identified the ring "Sofetz" {*Drain *Slow rPois rN+++
                  | Dex+8} (You acquired it on level 3 of the Dungeon)
  2169 | D:3      | Killed from afar by an orc priest

Skill      XL: |  1  2  3  4  5 |
---------------+----------------+-----
Armour         | 1 2 3 |  3.4
Fighting       | 2 3 |  3.8
Stealth        | 3 |  3.0
Dodging        | 4 |  4.8
Maces & Flails | |  1.2

Action                   |  1- 3 |  4- 6 || total
-------------------------+-------+-------++-------
Melee: Whip              |   124 |    89 ||   213
       Headbutt          |    13 |    13 ||    26
Throw: Javelin           |       |     8 ||     8
  Use: Scroll            |     1 |     4 ||     5
  Eat: Chunk             |     4 |     6 ||    10
Armor: Scale mail        |    70 |    18 ||    88
       Chain mail        |       |    28 ||    28
Dodge: Dodged            |    83 |    43 ||   126
Block: Buckler           |       |     4 ||     4
